 Dungeon Crawl Stone Soup version 0.27.1-1-g398f81649c (webtiles) character file.

Game seed: 3670294471164144270

121 Descartes the Shooter (level 4, -3/25 HPs)
             Began as a Deep Elf Wanderer on Sept 7, 2021.
             Killed by divine providence
             ... invoked by an orc priest
              (16 damage)
             ... on level 2 of the Dungeon.
             The game lasted 00:09:41 (4300 turns).

Descartes the Shooter (Deep Elf Wanderer)           Turns: 4300, Time: 00:09:42

Health: -3/25      AC:  9    Str: 11    XL:     4   Next: 76%
Magic:  9/10       EV: 11    Int: 17    God:
Gold:   71         SH:  0    Dex: 13    Spells: 8/9 levels left

rFire    . . .     SeeInvis .   j - +0 dagger (protect)
rCold    . . .     Faith    .   (no shield)
rNeg     . . .     Spirit   .   b - +0 robe
rPois    +         Reflect  .   (no helmet)
rElec    .         Harm     .   (no cloak)
rCorr    .         Rampage  .   (no gloves)
Will     +....                  (no boots)
Stlth    ++........             (no amulet)
HPRegen  0.08/turn              e - ring of poison resistance
MPRegen  0.12/turn              g - ring of willpower

@: under a protective aura
A: no striking features
a: no special abilities


You were on level 2 of the Dungeon.
You visited 1 branch of the dungeon, and saw 3 of its levels.

You collected 71 gold pieces.

Inventory:

Hand Weapons
 h - a +2 whip of electrocution
 j - a +0 dagger of protection (weapon)
Missiles
 d - 71 stones (quivered)
 f - 6 arrows
Armour
 b - a +0 robe (worn)
Jewellery
 e - a ring of poison resistance (left hand)
 g - a ring of willpower (right hand)
 i - an amulet of faith
Potions
 c - 4 potions of curing


   Skills:
 - Level 1.5 Fighting
 + Level 1.3 Short Blades
 - Level 4.0 Bows
 - Level 2.0 Stealth
 - Level 3.0 Spellcasting
 - Level 2.0 Translocations
 * Level 2.5 Air Magic
 + Level 1.8 Poison Magic
 - Level 2.0 Evocations


You had 8 spell levels left.
You knew the following spells:

 Your Spells              Type           Power      Damage    Failure   Level
a - Shock                 Conj/Air       24%        1d4       11%         1

Your spell library contained the following spells:

 Spells                   Type           Power      Damage    Failure   Level
 Poisonous Vapours        Pois/Air       20%        N/A       11%         2
 Blink                    Tloc           N/A        N/A       12%         2
 Corpse Rot               Necr/Air       N/A        N/A       16%         2
 Swiftness                Air            11%        N/A       19%         3
 Gell's Gravitas          Tloc           4%         N/A       22%         3
 Lesser Beckoning         Tloc           4%         N/A       22%         3
 Teleport Other           Tloc           9%         N/A       22%         3
 Airstrike                Air            5%         N/A       52%         4
 Manifold Assault         Tloc           9%         N/A       91%         5


Dungeon Overview and Level Annotations

Branches:
Dungeon (3/15)

Altars:

Annotations:
D:2 Natasha


Message History

There is a stone staircase leading down here.
You climb downwards.
There is a stone staircase leading up, spattered with blood here.
Casting: Shock (safe; 11% risk of failure)
Confirm with . or Enter, or press ? or * to list all spells.
Aiming: Shock (safe; 11% risk of failure)
Press: ? - help, Shift-Dir - straight line The zap hits the orc priest.
The orc priest is moderately wounded.
The zap misses the orc priest.
Casting: Shock (safe; 11% risk of failure)
Confirm with . or Enter, or press ? or * to list all spells.
Aiming: Shock (safe; 11% risk of failure)
Press: ? - help, Shift-Dir - straight line The zap misses the orc priest.
The orc priest invokes the aid of Beogh against you.
Beogh smites you!
You climb upwards.
Level annotation: Natasha
There is a stone staircase leading down here.
You hit the orc priest.
Your weapon exudes an aura of protection.
The orc priest is moderately wounded.
The orc priest hits you with a +0 flail.
You hit the orc priest but do no damage.
The orc priest is moderately wounded.
The orc priest mumbles some strange prayers to Beogh against you.
You resist with some effort.
You hit the orc priest but do no damage.
The orc priest is moderately wounded.
The orc priest misses you.
You barely miss the orc priest.
The orc priest is moderately wounded.
The orc priest barely misses you.
You barely miss the orc priest.
The orc priest is moderately wounded.
The orc priest mumbles some strange prayers to Beogh against you.
Beogh smites you!
Ouch! That really hurt!
You die...

####### #.....#
### #.....# #.#
#.....#
#o#######.....###
#@............'.##
#.#######.....#..#
#.# #.....##.#
#.##############..
#.................
#####.###########.
#.# #. #.# ## #.#
#


You could see an orc priest.

Vanquished Creatures
  An orc wizard (D:2)
  A gnoll (D:1)
  3 adders (D:2)
  A dart slug (D:3)
  3 orcs (D:3)
  5 ball pythons
  2 endoplasms (D:2)
  A giant cockroach (D:1)
  2 goblins (D:2)
  2 hobgoblins
  8 jackals
  5 kobolds
  4 quokkas
  6 bats
  2 frilled lizards
  8 rats
54 creatures vanquished.

Notes
Turn   | Place    | Note
-------+----------+-------------------------------------------
     0 | D:1      | Descartes the Deep Elf Wanderer began the quest for the
                  | Orb.
     0 | D:1      | Descartes set off with the following items: a +0 dagger, a
                  | +0 robe, a potion of curing; and the following spells
                  | available to memorise: Blink, Corpse Rot, Poisonous
                  | Vapours, Gell's Gravitas, Lesser Beckoning, Teleport Other,
                  | Manifold Assault
     0 | D:1      | Reached XP level 1. HP: 12/12 MP: 6/6
    45 | D:1      | Learned a level 1 spell: Shock
   748 | D:1      | Reached XP level 2. HP: 16/16 MP: 6/8
   969 | D:1      | Reached skill level 1 in Air Magic
  1978 | D:2      | Reached XP level 3. HP: 18/20 MP: 1/9
  2404 | D:2      | Noticed Natasha
  2450 | D:2      | Reached skill level 1 in Poison Magic
  2613 | D:2      | Reached skill level 1 in Short Blades
  2829 | D:2      | Reached XP level 4. HP: 21/25 MP: 5/10
  4300 | D:2      | Killed from afar by an orc priest

Illustrated notes

Levels and vault maps discovered:
D:1:      zaba_arrival_water, layout_basic, serial_curves, eino_curves_03,
          eino_curves_04, eino_curves_02
D:2:      layout_basic, uniq_natasha
D:3:      layout_rooms, okawaru_altar_gauntlet_db, nicolae_gozag_seed_capital,
          serial_shops, nicolae_shop_statue_plus,
          shapermc_ecumenical_altar_mp_highgroup

Skill      XL: |  1  2  3  4 |
---------------+-------------+-----
Air Magic      | 1 2 |  2.5
Stealth        | 2 |  2.0
Poison Magic   | 1 |  1.8
Short Blades   | 1 |  1.3
Translocations | 2 |  2.0
Evocations     | 2 |  2.0
Fighting       | |  1.5
Bows           | |  4.0
Spellcasting   | |  3.0

Action                   |  1- 3 |  4- 6 || total
-------------------------+-------+-------++-------
Melee: Dagger            |    50 |    11 ||    61
 Cast: Shock             |    75 |    50 ||   125
Armor: Robe              |    14 |     4 ||    18
Dodge: Dodged            |    51 |    12 ||    63
